 Dungeon Crawl Stone Soup version 0.22-a0-556-g6eeff05 (webtiles) character file.

31 Angulimala the Skirmisher (level 3, -3/31 HPs)
             Began as a Centaur Abyssal Knight on June 14, 2018.
             Was a Follower of Lugonu.
             Slain by a sky beast (5 damage)
             ... on level 2 of the Dungeon.
             The game lasted 00:03:23 (1289 turns).

Angulimala the Skirmisher (Centaur Abyssal Knight)  Turns: 1289, Time: 00:03:23

Health: -3/31      AC:  5    Str: 15    XL:     3   Next: 7%
Magic:  4/4        EV:  9    Int: 11    God:    Lugonu [*.....]
Gold:   136        SH:  0    Dex:  8    Spells: 2/2 levels left

rFire    + . .     SeeInvis .   a - +1 spear
rCold    + . .     Gourm    .   (no shield)
rNeg     . . .     Faith    .   b - +1 leather armour
rPois    .         Spirit   .   (no helmet)
rElec    .         Reflect  .   l - scarf {rC+ rF+}
rCorr    .         Harm     .   (no gloves)
MR       .....                  (no barding)
Stlth    ..........             (no amulet)
HPRegen  0.10/turn              (no ring)
MPRegen  0.09/turn              (no ring)

@: very quick
A: large, hooves 3, deformed body, speed 2, tough skin 3
a: Depart the Abyss, Renounce Religion


You were on level 2 of the Dungeon.
You worshipped Lugonu.
Lugonu was aware of your devotion.
You were hungry.

You visited 1 branch of the dungeon, and saw 2 of its levels.
You visited the Abyss 1 time.

You collected 136 gold pieces.

Inventory:

Hand Weapons
 a - a +1 spear (weapon)
Armour
 b - a +1 leather armour (worn)
 l - a scarf of resistance (worn)
Scrolls
 d - 2 scrolls of enchant armour
 e - a scroll of teleportation
 f - 2 scrolls of remove curse
 h - a scroll of fog {unknown}
 i - a scroll of enchant weapon {unknown}
 k - a scroll of blinking {unknown}
 m - a scroll of fear {unknown}
 n - a scroll of identify {unknown}
Potions
 g - a potion of curing {unknown}
 j - a potion of brilliance {unknown}
Comestibles
 c - 5 rations


   Skills:
 - Level 3.0 Fighting
 - Level 1.7 Polearms
 * Level 2.0 Armour
 * Level 1.4 Dodging
 + Level 2.4 Invocations


You had 2 spell levels left.
You didn't know any spells.
Your spell library was empty.

Dungeon Overview and Level Annotations

Branches:
Dungeon (2/15)

Altars:
Qazlal
Uskayaw

Annotations:
D:2 Robin, Terence


Innate Abilities, Weirdness & Mutations

You have hooves in place of feet.
Armour fits poorly on your strangely shaped body.
You cover ground very quickly.
You have extremely tough skin. (AC +3)


Message History

The sky beast hits you but does no damage.
You hit the sky beast. Your kick misses the sky beast.
The sky beast is heavily wounded.
The sky beast flickers out of sight!
Deactivating autopickup; reactivate with Ctrl-A.
Something hits you. Something shocks you.
You closely miss something. You kick something!
The crimson imp throws a stone.
The stone hits you but does no damage. Something hits you but does no damage.
You closely miss something.
The crimson imp throws a stone.
Something hits you. Something shocks you.
You completely miss something. Your kick misses something.
The crimson imp throws a stone.
Something hits you. Something shocks you.
* * * LOW HITPOINT WARNING * * *
You barely miss something. Your kick misses something.
A sky beast appears from thin air!
Reactivating autopickup.
The sky beast hits you.
* * * LOW HITPOINT WARNING * * *
The sky beast shocks you.
You die...

# ##§....## .. ..
## #.#...(...#...
#.. #.#.......#...
#..###....._..≈....
.....#.#.......#...
.....#...5...# #.
>..##.....##
#.####(####.#
#.@Y5..(....#
####..##....#
#....####.....
#....# ..#. #....#
.# #....# # #..<.#
######


You could see a sky beast and a crimson imp.

Vanquished Creatures
  A worm (D:2)
  A dart slug (D:2)
  A leopard gecko (D:1)
  A giant cockroach (D:1)
  3 goblins
  4 hobgoblins (D:1)
  3 bats
  A frilled lizard (D:1)
  4 kobolds
  8 rats
27 creatures vanquished.

Notes
Turn   | Place    | Note
-------+----------+-------------------------------------------
     0 | Abyss:1  | Angulimala the Centaur Abyssal Knight began the quest for the Orb.
     0 | Abyss:1  | Reached XP level 1. HP: 19/19 MP: 2/2
    43 | Abyss:2  | Noticed a thrashing horror
    74 | D:1      | Escaped the Abyss
   239 | D:1      | Reached skill level 1 in Dodging
   304 | D:1      | Reached XP level 2. HP: 15/26 MP: 3/3
   797 | D:1      | Reached * piety under Lugonu
   909 | D:2      | Found a hide-covered altar of Uskayaw.
   968 | D:2      | Noticed Terence
   969 | D:2      | Reached XP level 3. HP: 14/31 MP: 4/4
   990 | D:2      | Noticed Robin
  1245 | D:2      | Found a stormy altar of Qazlal.
  1257 | D:2      | Noticed a sky beast
  1289 | D:2      | Slain by a sky beast

Vault maps used:
D:1:      minmay_arrival_up_and_down, minmay_quantized
D:2:      old_standard_altar, makhleb_blood_cavern_becter,
          eat_drink_and_be_merry_uskayaw, first_ration,
          hangedman_decor_clover_reticule, uniq_terence,
          uniq_crazy_yiuf_cottage, uniq_sigmund, uniq_robin
Abyss:2:  guppyfry_abyss_exit_imp_island

Skill      XL: |  1  2 |
---------------+-------+-----
Dodging        | 1 |  1.4
Armour         | 2 |  2.0
Fighting       | |  3.0
Polearms       | |  1.7
Invocations    | |  2.4

Action                   || total
-------------------------++-------
Melee: Spear             ||    91
       Kick              ||    17
Invok: Depart the Abyss  ||     1
  Use: Scroll            ||     3
Armor: Leather armour    ||    34
Dodge: Dodged            ||    30

Table legend:
 A = Spawn XP
 B = Non-spawn XP
 C = Spawn XP percentage of total XP
 D = Spawn monster count
 E = Non-spawn monster count
 F = Spawn count percentage of total count
 G = Total turns spent on level
                    A         B        C        D         E        F      G
               +---------+---------+-------+---------+---------+-------+---------
         Total |       0 |      45 |   0.0 |       0 |      27 |   0.0 |  1289
               +---------+---------+-------+---------+---------+-------+---------
           D:1 |       0 |      31 |   0.0 |       0 |      21 |   0.0 |  1053
           D:2 |       0 |      14 |   0.0 |       0 |       6 |   0.0 |   162
               +---------+---------+-------+---------+---------+-------+---------
